 Dungeon Crawl Stone Soup version 0.20-a0-870-g4070442 (webtiles) character file.

700 Denreik the Tainter (level 7, -2/46 HPs)
             Began as a Formicid Venom Mage on Mar 14, 2017.
             Slain by an ogre
             ... wielding a +0 giant spiked club
              (13 damage)
             ... on level 4 of the Dungeon.
             The game lasted 00:40:34 (4661 turns).

Denreik the Tainter (Formicid Venom Mage)           Turns: 4661, Time: 00:40:35

Health: -2/46      AC:  6    Str: 14 (16) XL:     7   Next: 98%
Magic:  5/12       EV: 11    Int: 16 (17) God:
Gold:   205        SH:  0    Dex: 11      Spells: 5/13 levels left

rFire    . . .     SeeInvis +   a - +2 dagger (venom)
rCold    . . .     Gourm    .   n - +0 leather armour
rNeg     . . .     Faith    .   (no shield)
rPois    .         Spirit   .   (helmet unavailable)
rElec    .         Reflect  .   j - +0 cloak
rCorr    .         Harm     .   s - +0 pair of gloves
MR       .....                  z - +0 pair of boots
Stlth    ++........             A - amulet of regeneration
Regen    0.6/turn               (no ring)
MPRegen  0.2/turn               E - +4 ring of strength

@: very slightly contaminated
A: permanent stasis, dig shafts and tunnels, four strong arms, antennae 3
a: Dig, Shaft Self


You were on level 4 of the Dungeon.
You were not hungry.

You visited 1 branch of the dungeon, and saw 4 of its levels.
You also visited: Sewer.

You collected 205 gold pieces.

Inventory:

Hand Weapons
 a - a +2 dagger of venom (weapon)
 b - a +0 halberd
 t - a +0 dagger of venom
 v - a +0 quarterstaff
 F - a +0 whip
 G - a +0 short sword of freezing
 I - a +0 hunting sling
 K - a +2 whip of pain
Missiles
 k - 171 stones (quivered)
 y - 29 sling bullets
Armour
 g - a +0 robe
 j - a +0 cloak (worn)
 n - a +0 leather armour (worn)
 q - a +0 ring mail
 s - a +0 pair of gloves (worn)
 z - a +0 pair of boots (worn)
 B - a +0 scale mail
Jewellery
 A - an amulet of regeneration (around neck)
 E - a +4 ring of strength (left hand)
Scrolls
 e - 4 scrolls of identify {unknown}
 f - 7 scrolls of remove curse {unknown}
 h - a scroll of amnesia {unknown}
 i - a scroll of enchant armour {unknown}
 l - 2 scrolls of enchant weapon {unknown}
 p - a scroll of random uselessness {unknown}
 r - a scroll of immolation {unknown}
 w - 3 scrolls of fear {unknown}
 D - 2 scrolls of teleportation {unknown}
Potions
 m - 3 potions of heal wounds
 u - 2 potions of agility
 x - 3 potions of flight
 C - 2 potions of curing
Books
 d - a Young Poisoner's Handbook

   Spells                             Type                      Level
   a - Sting                          Conjuration/Poison           1
   b - Poisonous Vapours              Poison/Air                   2
   c - Mephitic Cloud                 Conjuration/Poison/Air       3
   d - Olgreb's Toxic Radiance        Poison                       4
   e - Venom Bolt                     Conjuration/Poison           5
Comestibles
 c - a bread ration
 o - 2 meat rations
 H - 2 royal jellies
 J - 6 chunks of flesh


   Skills:
 - Level 1.7 Dodging
 - Level 3.1 Stealth
 - Level 3.9 Spellcasting
 - Level 0.8 Conjurations
 + Level 10.2 Poison Magic


You had 5 spell levels left.
You knew the following spells:

 Your Spells              Type           Power        Failure   Level  Hunger
a - Sting                 Conj/Pois      ###.         1%          1    None
b - Poisonous Vapours     Pois/Air       ###...       4%          2    ##.....
c - Venom Bolt            Conj/Pois      ###.......   65%         5    ######.


Dungeon Overview and Level Annotations

Branches:
Dungeon (4/15)
 Temple: D:4-7

Altars:
Qazlal
Trog

Annotations:
D:3 cortexin's ghost, amateur VSMo


Innate Abilities, Weirdness & Mutations

You cannot be hasted, slowed, berserked, paralysed or teleported.
You can dig through walls and to a lower floor.
Your four strong arms can wield two-handed weapons with a shield.
You have a pair of large antennae on your head. (SInv)


Message History

You miscast Venom Bolt.
You are very lightly contaminated with residual magic.
You are engulfed in noxious fumes.
You choke on the stench!
You are confused.
The ogre hits you with a giant spiked club!
You bump into the rock wall.
You are engulfed in noxious fumes.
You choke on the stench!
You are more confused.
The ogre looks more healthy.
The ogre hits you with a giant spiked club!
* * * LOW HITPOINT WARNING * * *
You feel less confused.
You extend your mandibles.
Unknown command.
You are already prepared to dig.
Unknown command.
Are you sure you want to shaft yourself?
You feel somewhat more hungry.
The ogre hits you with a giant spiked club!
You die...

#..†{........$.># #
##.#.....##..##.# #
#.#.....##..##.# #
#g###.####..##.# # #.#
#.####..##.####
#######g###.......<......
.........#######.#######.
........OS>......# #.
########@######### #. #.#
## #)# # #.# # #.# # #.#
# #.# . #.# #


You could see an ogre, 2 gnolls and an adder.

Vanquished Creatures
  Grinder (Sewer)
  2 big kobolds (Sewer)
  A quasit (Sewer)
  A hound (D:4)
  2 orc wizards (D:4)
  4 big kobold zombies (Sewer)
  5 gnolls
  4 adders
  2 shadow imps (Sewer)
  5 ufetubi (Sewer)
  An ooze (Sewer)
  An adder zombie (Sewer)
  5 worms
  3 dart slugs
  3 leopard geckos (D:3)
  3 orcs (D:4)
  2 ball pythons
  4 bats
  3 giant cockroaches
  7 hobgoblins
  3 jackals (D:3)
  3 frilled lizards (D:2)
  7 goblins
  21 kobolds
  A kobold zombie (Sewer)
  6 rats
100 creatures vanquished.

Vanquished Creatures (others)
  A wizard (D:3)
1 creature vanquished.

Grand Total: 101 creatures vanquished

Notes
Turn   | Place    | Note
-------+----------+-------------------------------------------
     0 | D:1      | Denreik the Formicid Venom Mage began the quest for the Orb.
     0 | D:1      | Reached XP level 1. HP: 13/13 MP: 3/3
   222 | D:1      | Reached XP level 2. HP: 19/19 MP: 0/5
   340 | D:1      | Learned a level 2 spell: Poisonous Vapours
   689 | D:1      | Reached skill level 5 in Poison Magic
   813 | D:2      | Reached XP level 3. HP: 16/24 MP: 2/6
  1242 | D:2      | Reached skill level 6 in Poison Magic
  1242 | D:2      | Reached XP level 4. HP: 29/30 MP: 0/7
  1367 | D:2      | Found a stormy altar of Qazlal.
  1867 | D:2      | Reached XP level 5. HP: 35/35 MP: 0/8
  2273 | D:3      | Noticed cortexin's ghost (amateur VSMo)
  2315 | D:2      | Reached skill level 7 in Poison Magic
  2325 | D:2      | Learned a level 5 spell: Venom Bolt
  2479 | D:3      | Found a glowing drain.
  2509 | Sewer    | Entered a sewer
  2984 | Sewer    | Reached XP level 6. HP: 31/41 MP: 4/9
  3067 | Sewer    | Reached skill level 8 in Poison Magic
  3246 | Sewer    | Found a burning altar of Makhleb.
  3309 | Sewer    | Noticed Grinder
  3410 | Sewer    | Killed Grinder
  3410 | Sewer    | Reached skill level 9 in Poison Magic
  3410 | Sewer    | Reached XP level 7. HP: 22/46 MP: 1/12
  4251 | D:3      | Found a bloodstained altar of Trog.
  4254 | D:3      | Noticed a wizard
  4259 | D:3      | Killed a wizard
  4581 | D:4      | Reached skill level 10 in Poison Magic
  4661 | D:4      | Slain by an ogre

Vault maps used:
D:1:      lightli_arrival_maybe_door_vault, minmay_misc_feat_nine_boxes
D:2:      nicolae_qazlal_eye_of_the_storm
D:3:      portal_sewer_entry_f, trog_wizard
D:4:      lightli_ossuary_entry_decrepit_ruins, uniq_duvessa, uniq_grinder
Sewer:    kennysheep_sewer_church

Skill      XL: |  1  2  3  4  5  6  7 |
---------------+----------------------+-----
Poison Magic   | 5 6 7 9 10 | 10.2
Stealth        | 3 |  3.1
Spellcasting   | 3 |  3.9
Dodging        | |  1.7
Conjurations   | |  0.8

Action                   |  1- 3 |  4- 6 |  7- 9 || total
-------------------------+-------+-------+-------++-------
Melee: Dagger            |    29 |   155 |    93 ||   277
       Halberd           |       |    32 |       ||    32
       Short sword       |       |       |     7 ||     7
 Fire: Blowgun           |       |     4 |       ||     4
Throw: Stone             |     3 |     2 |       ||     5
 Cast: Sting             |    13 |    12 |       ||    25
       Poisonous Vapours |    20 |    29 |    15 ||    64
       Venom Bolt        |       |       |     1 ||     1
 Abil: Dig               |     1 |     9 |     1 ||    11
       Shaft Self        |       |       |     1 ||     1
  Use: Potion            |       |     2 |     5 ||     7
 Stab: Sleeping          |       |     2 |       ||     2
  Eat: Chunk             |     3 |     7 |     1 ||    11
       Meat ration       |       |     1 |       ||     1
       Bread ration      |       |       |     1 ||     1
Armor: Robe              |     3 |       |       ||     3
       Leather armour    |    10 |    60 |    36 ||   106
Dodge: Dodged            |    15 |   121 |    85 ||   221
